[Event "Titled Tuesday Blitz February 28 Early 2023"]
[White "Heinemann, Josefine"]
[Black "Odegov, Artem"]
[WhiteFideId "12900460"]
[BlackFideId "34183644"]
[WhiteElo "2342"]
[BlackElo "2300"]
[Result "1-0"]
[Round "05"]
[TimeControl "180+2"]
[Date "2023.02.28"]
[WhiteClock "0:00:34"]
[BlackClock "0:00:37"]

1. e4 e6 2. d4 d5 3. Nd2 Nf6 4. e5 Nfd7 5. Bd3 c5 6. c3 Nc6 7. Ne2 cxd4 8. cxd4 f6 9. exf6 Nxf6 10. Nf3 Bd6 11. O-O Qc7 12. h3 O-O 13. Be3 e5 14. dxe5 Nxe5 15. Nxe5 Bxe5 16. Rc1 Qf7 17. Qb3 Be6 18. Bd4 Bd6 19. Rfe1 Rae8 20. Bb1 Ne4 21. f3 Ng5 22. Qd3 Qh5 23. f4 Ne4 24. Qe3 Bf7 25. Ng3 Nxg3 26. Qxg3 Bg6 27. Bxg6 Qxg6 28. Qxg6 hxg6 29. g3 Kf7 30. Kg2 a6 31. h4 Re4 32. Rxe4 dxe4 33. Kf2 Re8 34. Ke3 Re7 35. Rc4 b5 36. Rc6 Ke6 37. Be5 Rd7 38. Kxe4 b4 39. g4 a5 40. f5+ gxf5+ 41. gxf5+ Ke7 42. Bxd6+ Rxd6 43. Rxd6 Kxd6 44. h5 a4 45. b3 axb3 46. axb3 Ke7 47. Ke5 Kf7 48. Kf4 Kf6 49. Kg4 Kf7 50. Kg5 Ke7 51. Kg6 Kf8 52. f6 gxf6 53. Kxf6 Kg8 54. Ke5 Kh7 55. Kd4 Kh6 56. Kc4 Kxh5 57. Kxb4 Kg6 58. Kc5 Kf7 59. Kc6 Ke8 60. Kc7 Ke7 61. b4 Ke6 62. b5 Kd5 63. b6 Kc5 64. b7 Kb5 65. b8=Q+ Ka6 66. Qb6# 1-0


[Site "https://www.chess.com"]

[Event "Titled Tuesday Blitz February 28 Early 2023"]
[White "Williams, Simon K"]
[Black "Miszler, Levente"]
[WhiteFideId "404454"]
[BlackFideId "763276"]
[WhiteElo "2468"]
[BlackElo "2176"]
[Result "1-0"]
[Round "05"]
[TimeControl "180+2"]
[Date "2023.02.28"]
[WhiteClock "0:00:33"]
[BlackClock "0:00:25"]

1. e4 e6 2. d4 d5 3. e5 f6 4. Bd3 c5 5. Qh5+ Ke7 6. c3 Bd7 7. Nf3 Be8 8. Qh4 Nc6 9. O-O g6 10. exf6+ Nxf6 11. Re1 Bg7 12. Bh6 Bxh6 13. Qxh6 Bf7 14. Nbd2 Qf8 15. Qh4 h6 16. dxc5 g5 17. Qg3 Qb8 18. Ne5 Nxe5 19. Rxe5 Nd7 20. Nf3 Nxe5 21. Nxe5 Qc8 22. b4 a5 23. f4 axb4 24. cxb4 Ra3 25. fxg5 Qg8 26. g6 Be8 27. Qh4+ Kf8 28. Rf1+ 1-0


[Site "https://www.chess.com"]

[Event "Titled Tuesday Blitz February 28 Early 2023"]
[White "Berezin, Viktor"]
[Black "Andreev, Konstantin"]
[WhiteFideId "14107872"]
[BlackFideId "24239305"]
[WhiteElo "2310"]
[BlackElo "2106"]
[Result "0-1"]
[Round "05"]
[TimeControl "180+2"]
[Date "2023.02.28"]
[WhiteClock "0:00:10"]
[BlackClock "0:00:39"]

1. d4 Nf6 2. Nf3 d5 3. c4 e6 4. g3 Bb4+ 5. Nbd2 O-O 6. Bg2 dxc4 7. Qc2 b5 8. O-O Bb7 9. a4 a6 10. Rd1 Nbd7 11. e4 c5 12. e5 Nd5 13. Ne4 h6 14. Neg5 hxg5 15. Nxg5 g6 16. axb5 axb5 17. Rxa8 Qxa8 18. Nxe6 Rc8 19. Bh3 Nf8 20. Nxf8 Rxf8 21. e6 Kg7 22. Qe4 Nf6 23. Qe5 Qb8 24. Bh6+ Kxh6 25. Qxf6 fxe6 26. Qh4+ Kg7 27. dxc5 Bd5 28. c6 Bc5 29. Rf1 Qd6 30. Qg4 Bxc6 31. Qe2 Qd5 0-1


[Site "https://www.chess.com"]

[Event "Titled Tuesday Blitz February 28 Early 2023"]
[White "Bennett, Patrick"]
[Black "Souleidis, Georgios"]
[WhiteFideId "1801228"]
[BlackFideId "4206827"]
[WhiteElo "2418"]
[BlackElo "2401"]
[Result "0-1"]
[Round "05"]
[TimeControl "180+2"]
[Date "2023.02.28"]
[WhiteClock "0:00:02"]
[BlackClock "0:00:12"]

1. d4 Nf6 2. Bg5 d5 3. Nd2 c5 4. e3 Nc6 5. c3 cxd4 6. exd4 Qb6 7. Qb3 Bf5 8. Ngf3 e6 9. Be2 Be7 10. O-O O-O 11. h3 h6 12. Bf4 Rfd8 13. Rfe1 Ne4 14. Nxe4 Bxe4 15. Ne5 Nxe5 16. Bxe5 Bg6 17. Bd1 Bd6 18. Qxb6 axb6 19. Bxd6 Rxd6 20. Be2 f6 21. Bb5 Be8 22. Bd3 Bc6 23. f4 Re8 24. Bg6 Re7 25. a3 Be8 26. Bxe8 Rxe8 27. Re2 Kf7 28. Rae1 g6 29. g4 Rd7 30. Kf2 Rde7 31. Kf3 Kg7 32. f5 e5 33. dxe5 fxe5 34. fxg6 Kxg6 35. Rd1 Rd8 36. Red2 Red7 37. Ke3 Kf6 38. Rf1+ Ke6 39. Rf5 Rf7 40. Rh5 Rf6 41. Re2 Kd6 42. Kd3 e4+ 43. Kd4 Kc6 44. b4 b5 45. a4 bxa4 46. b5+ Kxb5 47. Rxe4 Rfd6 48. c4+ Kb4 49. cxd5 a3 50. Kd3+ Kb3 51. Re3 b5 52. Ke4+ Ka4 53. Rd3 b4 54. Re5 a2 55. Re7 R8d7 56. Re8 Ra6 57. Rd1 b3 58. Ke5 b2 59. Rd4+ Ka3 60. Rd3+ Kb4 61. Rb8+ Kc4 0-1


[Site "https://www.chess.com"]

[Event "Titled Tuesday Blitz February 28 Early 2023"]
[White "Sharapov, Evgeny"]
[Black "Koridze, Lile"]
[WhiteFideId "14103133"]
[BlackFideId "13612514"]
[WhiteElo "2367"]
[BlackElo "2047"]
[Result "0-1"]
[Round "05"]
[TimeControl "180+2"]
[Date "2023.02.28"]
[WhiteClock "0:00:01"]
[BlackClock "0:00:02"]

1. e4 c5 2. Nf3 d6 3. d4 cxd4 4. Nxd4 Nf6 5. f3 a6 6. c4 e5 7. Nc2 Be7 8. Nc3 O-O 9. Be3 Be6 10. Be2 Nbd7 11. O-O Rc8 12. Nd5 Ne8 13. Qd2 f5 14. exf5 Bxf5 15. Bd3 Bxd3 16. Qxd3 Bg5 17. Bf2 Nc5 18. Bxc5 Rxc5 19. b3 Rc8 20. a4 Nc7 21. Nxc7 Qxc7 22. Kh1 Rf6 23. Nb4 Rh6 24. Nd5 Qf7 25. Rae1 Bf4 26. h3 Bg3 27. Re4 Rf8 28. Rg4 Bh4 29. Qe4 Qh5 30. Rd1 Bd8 31. Ne3 Qf7 32. Qd5 Re6 33. Nf1 h5 34. Re4 Rg6 35. Qxf7+ Rxf7 36. Ne3 Bg5 37. Nd5 Bd8 38. Kg1 Rxf3 39. b4 Rxh3 40. a5 Rhg3 41. Re2 h4 42. Kh2 Ra3 43. Rf1 h3 44. gxh3 Rgg3 45. Rf5 Rxh3+ 46. Kg2 Rag3+ 47. Kf2 Bh4 48. Rh5 Rg5+ 49. Rxh4 Rxh4 50. b5 Rh2+ 51. Kf3 Rxe2 52. Kxe2 axb5 53. cxb5 e4 54. Nc7 Rc5 55. a6 bxa6 56. b6 Rc2+ 57. Ke3 Rb2 0-1


[Site "https://www.chess.com"]

[Event "Titled Tuesday Blitz February 28 Early 2023"]
[White "Ordekalog"]
[Black "Van Dael, Siem"]
[BlackFideId "1049771"]
[WhiteElo "2575"]
[BlackElo "2336"]
[Result "1-0"]
[Round "05"]
[TimeControl "180+2"]
[Date "2023.02.28"]
[WhiteClock "0:00:13"]
[BlackClock "0:00:02"]

1. d4 Nf6 2. c4 g6 3. Nc3 Bg7 4. Nf3 O-O 5. Bg5 d6 6. e3 Nbd7 7. Qc2 b6 8. Be2 Bb7 9. O-O h6 10. Bh4 c5 11. d5 g5 12. Bg3 a6 13. a4 Rb8 14. h4 g4 15. Nd2 Nh5 16. Bxg4 Nxg3 17. fxg3 Ne5 18. Bd1 e6 19. Nf3 Ng4 20. Qd3 exd5 21. Nxd5 Bxd5 22. Bc2 Re8 23. cxd5 Rxe3 24. Qf5 Qc8 25. Qh7+ Kf8 26. Bg6 Re7 27. Bf5 Nf6 28. Bxc8 Nxh7 29. Bxa6 Bxb2 30. Rab1 Bc3 31. Kh2 Nf6 32. Rb3 Ng4+ 33. Kh3 Ne3 34. Rxc3 Nxf1 35. Bxf1 Re4 36. Bb5 Rb7 37. Nd2 Rb4 38. Nc4 Re7 39. Nxd6 Re5 40. Rf3 Rxd5 41. Nxf7 Kg7 42. Bc6 Rd2 43. Ne5 Rb1 44. Rf7+ Kg8 45. Be4 Re1 46. Bh7+ Kh8 47. Ng6# 1-0


[Site "https://www.chess.com"]

[Event "Titled Tuesday Blitz February 28 Early 2023"]
[White "Jovic, Stanoje"]
[Black "Aggelis, Nikolaos"]
[WhiteFideId "905020"]
[BlackFideId "4213220"]
[WhiteElo "2236"]
[BlackElo "2189"]
[Result "1/2-1/2"]
[Round "05"]
[TimeControl "180+2"]
[Date "2023.02.28"]
[WhiteClock "0:01:04"]
[BlackClock "0:00:35"]

1. c4 c5 2. g3 Nf6 3. Bg2 d5 4. cxd5 Nxd5 5. Nc3 Nxc3 6. bxc3 g6 7. Rb1 Nc6 8. Qa4 Qc7 9. d4 Bg7 10. d5 Bxc3+ 11. Kf1 O-O 12. dxc6 b6 13. h4 Bf5 14. e4 Bg4 15. Ne2 Bg7 16. Bf4 e5 17. Be3 Rac8 18. f3 Be6 19. Nc3 Qxc6 20. Qxc6 Rxc6 21. Kf2 Rd8 22. Rhd1 Rcd6 23. Rxd6 Rxd6 24. Bf1 Kf8 25. a4 Ke8 26. Rd1 Rxd1 27. Nxd1 Kd7 28. Bb5+ Kc7 29. Nc3 Bf8 30. a5 Kb7 31. a6+ Kc7 32. Nd5+ Bxd5 33. exd5 Kd6 34. Bc6 Be7 35. Ke2 f5 36. Kd3 Bd8 37. Kc4 Bf6 38. Be8 Bd8 39. Bf7 Bf6 40. Bg8 h5 41. Bf7 f4 42. Bf2 g5 43. g4 hxg4 44. h5 gxf3 45. Bg6 g4 46. Be4 g3 47. Bxg3 fxg3 48. Bxf3 Bg5 49. Be4 Bd2 50. Bg2 Bg5 51. Be4 Ke7 52. Kb5 Kd6 53. Kc4 1/2-1/2


[Site "https://www.chess.com"]

[Event "Titled Tuesday Blitz February 28 Early 2023"]
[White "Koellner, Ruben Gideon"]
[Black "Llanos, Guillermo"]
[WhiteFideId "12993093"]
[BlackFideId "100358"]
[WhiteElo "2303"]
[BlackElo "2225"]
[Result "1-0"]
[Round "05"]
[TimeControl "180+2"]
[Date "2023.02.28"]
[WhiteClock "0:00:09"]
[BlackClock "0:00:50"]

1. d4 d5 2. Nf3 Nf6 3. e3 e6 4. Nbd2 b6 5. Bd3 Bb7 6. Ne5 Nbd7 7. f4 Be7 8. Qf3 c5 9. c3 Qc7 10. O-O O-O 11. g4 cxd4 12. exd4 g6 13. g5 Nh5 14. h4 a5 15. Re1 Ba6 16. Bxa6 Rxa6 17. a4 f6 18. Nxd7 Qxd7 19. Qe2 Nxf4 20. Qxa6 e5 21. Re2 1-0


[Site "https://www.chess.com"]

[Event "Titled Tuesday Blitz February 28 Early 2023"]
[White "Tologon tegin, Semetei"]
[Black "Jenkins, Drake"]
[WhiteFideId "13800574"]
[BlackFideId "2022397"]
[WhiteElo "2247"]
[BlackElo "2367"]
[Result "1-0"]
[Round "05"]
[TimeControl "180+2"]
[Date "2023.02.28"]
[WhiteClock "0:01:11"]
[BlackClock "0:00:01"]

1. d4 Nf6 2. c4 c5 3. d5 b5 4. cxb5 a6 5. bxa6 Bxa6 6. Nc3 g6 7. Nf3 Bg7 8. e4 Bxf1 9. Kxf1 d6 10. g3 O-O 11. Kg2 Na6 12. a4 Nb4 13. Ra3 Qd7 14. Re1 c4 15. Re2 Nd3 16. Nb5 Ng4 17. Qc2 Nxc1 18. Qxc1 Rfc8 19. h3 Ne5 20. Nxe5 Bxe5 21. Rc2 f5 22. f3 fxe4 23. fxe4 Kg7 24. Rxc4 Rxc4 25. Qxc4 Bxb2 26. Rf3 Be5 27. Rf2 Rc8 28. Qf1 Kg8 29. Qd3 Ra8 30. Qf3 Rxa4 31. Qf7+ Kh8 32. Qf8# 1-0


[Site "https://www.chess.com"]

[Event "Titled Tuesday Blitz February 28 Early 2023"]
[White "Domingo Nunez, Alejandro"]
[Black "Petrova, Irina"]
[WhiteFideId "22245561"]
[BlackFideId "14124122"]
[WhiteElo "2230"]
[BlackElo "2084"]
[Result "1-0"]
[Round "05"]
[TimeControl "180+2"]
[Date "2023.02.28"]
[WhiteClock "0:00:21"]
[BlackClock "0:01:04"]

1. e4 d6 2. d4 g6 3. Nc3 Nf6 4. Be3 a6 5. Qd2 b5 6. f3 Bb7 7. h4 Nbd7 8. O-O-O Nb6 9. Bd3 h5 10. Nh3 Bg7 11. Ng5 Rc8 12. e5 Nfd5 13. e6 O-O 14. exf7+ Rxf7 15. Nxf7 Kxf7 16. Bg5 Nxc3 17. Qxc3 c5 18. Qd2 cxd4 19. Qf4+ Bf6 20. Bxf6 exf6 21. Qxd4 Qc7 22. Rhe1 Nd5 23. Rd2 Qc5 24. Qxc5 dxc5 25. Be4 Rd8 26. Red1 Ke6 27. Bxg6 c4 28. Be4 b4 29. Bxd5+ Bxd5 30. Rxd5 Rxd5 31. Rxd5 Kxd5 32. g4 hxg4 33. fxg4 Ke5 34. h5 Ke6 35. Kd2 a5 36. c3 f5 37. g5 f4 38. g6 Kf6 39. Ke2 a4 40. a3 bxa3 41. bxa3 Kg7 42. Kf3 Kh6 43. Kxf4 1-0


[Site "https://www.chess.com"]

[Event "Titled Tuesday Blitz February 28 Early 2023"]
[White "Lucassen, Mickey"]
[Black "Migot, Tangi"]
[WhiteFideId "12919110"]
[BlackFideId "662445"]
[WhiteElo "2357"]
[BlackElo "2552"]
[Result "0-1"]
[Round "05"]
[TimeControl "180+2"]
[Date "2023.02.28"]
[WhiteClock "0:00:11"]
[BlackClock "0:00:19"]

1. e4 c5 2. Nf3 a6 3. c4 e6 4. d4 cxd4 5. Nxd4 b6 6. Nc3 Bb7 7. Be2 Qc7 8. O-O Nf6 9. f3 Bd6 10. g3 h5 11. Be3 Bc5 12. Qd2 h4 13. Kg2 Nc6 14. Nxc6 Bxc6 15. Bxc5 bxc5 16. Qe3 d6 17. Rad1 O-O-O 18. a3 g5 19. g4 h3+ 20. Kg1 Nd7 21. b4 Bb7 22. Na4 Nb6 23. Nxb6+ Qxb6 24. Qxg5 cxb4+ 25. Kh1 f5 26. gxf5 exf5 27. Qxf5+ Kb8 28. axb4 Qe3 29. Rde1 Rdf8 30. Qa5 Rhg8 31. Bd1 Qd3 32. c5 Rg2 33. cxd6 Qd2 34. Qc7+ Ka8 35. Qh7 Rxh2+ 0-1


[Site "https://www.chess.com"]

[Event "Titled Tuesday Blitz February 28 Early 2023"]
[White "Ruiz Aguilar, Pablo Alexander"]
[Black "Mammadzada, Gunay"]
[WhiteFideId "4401352"]
[BlackFideId "13403729"]
[WhiteElo "2138"]
[BlackElo "2396"]
[Result "0-1"]
[Round "05"]
[TimeControl "180+2"]
[Date "2023.02.28"]
[WhiteClock "0:00:03"]
[BlackClock "0:00:52"]

1. e4 c5 2. Nf3 d6 3. d4 cxd4 4. Nxd4 e6 5. Nc3 Ne7 6. Be3 Nec6 7. Be2 Be7 8. O-O O-O 9. Kh1 Nxd4 10. Bxd4 Nc6 11. Be3 a6 12. f4 b5 13. Bf3 Bb7 14. Qe1 Na5 15. Rd1 Nc4 16. Bc1 Rc8 17. Qg3 Qb6 18. Rd3 Bf6 19. e5 dxe5 20. Ne4 Bxe4 21. Bxe4 exf4 22. Rxf4 Be5 23. Bxh7+ Kxh7 24. Qh4+ Kg8 25. Rh3 f6 26. Rg4 f5 27. Qh7+ Kf7 0-1


[Site "https://www.chess.com"]

[Event "Titled Tuesday Blitz February 28 Early 2023"]
[White "Turzo, Attila"]
[Black "Liu, Casper"]
[WhiteFideId "704954"]
[BlackFideId "1454153"]
[WhiteElo "2538"]
[BlackElo "2221"]
[Result "1-0"]
[Round "05"]
[TimeControl "180+2"]
[Date "2023.02.28"]
[WhiteClock "0:00:10"]
[BlackClock "0:00:06"]

1. e4 c5 2. Nc3 d6 3. f4 g6 4. Nf3 Bg7 5. Bb5+ Bd7 6. Qe2 Nf6 7. O-O O-O 8. Kh1 Bxb5 9. Nxb5 a6 10. Nc3 b5 11. e5 Ne8 12. b3 d5 13. Bb2 Nc6 14. Rae1 Nc7 15. Nd1 d4 16. c3 d3 17. Qe4 Qd5 18. Nf2 c4 19. bxc4 bxc4 20. Ba3 Rab8 21. Rb1 Rb5 22. Nd4 Nxd4 23. cxd4 Rfb8 24. Rxb5 axb5 25. Bxe7 Ra8 26. a3 Bf8 27. Bxf8 Kxf8 28. Qe3 Rxa3 29. Ne4 b4 30. Nf6 Qb5 31. Qh3 b3 32. Qc8+ Ne8 33. f5 b2 34. Nd7+ Kg7 35. Qxe8 b1=Q 36. Qf8# 1-0


[Site "https://www.chess.com"]

[Event "Titled Tuesday Blitz February 28 Early 2023"]
[White "Jaskolka, Tomasz"]
[Black "Sliwicki, Damian"]
[WhiteFideId "1170791"]
[BlackFideId "1127128"]
[WhiteElo "2155"]
[BlackElo "1988"]
[Result "1-0"]
[Round "05"]
[TimeControl "180+2"]
[Date "2023.02.28"]
[WhiteClock "0:00:25"]
[BlackClock "0:00:16"]

1. d4 Nf6 2. c4 e6 3. g3 d5 4. Bg2 dxc4 5. Nf3 c5 6. O-O Nc6 7. Na3 Nxd4 8. Nxd4 cxd4 9. Nxc4 Bc5 10. b4 Be7 11. Bb2 O-O 12. a3 Nd5 13. Bxd4 Bf6 14. Rc1 b6 15. Bxf6 Qxf6 16. Bxd5 exd5 17. Qxd5 Bh3 18. Rfd1 Rad8 19. Qf3 Qe6 20. Ne3 h6 21. g4 f5 22. Qxh3 f4 23. Nf5 Qxe2 24. Re1 Qb2 25. Qc3 Qxc3 26. Rxc3 Rd2 27. Kg2 f3+ 28. Rxf3 Rc8 29. Ne7+ 1-0


[Site "https://www.chess.com"]

[Event "Titled Tuesday Blitz February 28 Early 2023"]
[White "Melikhov, Evgeny V."]
[Black "Kislov, Oleg"]
[WhiteFideId "4122046"]
[BlackFideId "13503774"]
[WhiteElo "2158"]
[BlackElo "2186"]
[Result "0-1"]
[Round "05"]
[TimeControl "180+2"]
[Date "2023.02.28"]
[WhiteClock "0:00:58"]
[BlackClock "0:01:39"]

1. d4 Nf6 2. c4 e6 3. Nc3 Bb4 4. Qc2 d5 5. cxd5 exd5 6. Bg5 h6 7. Bxf6 Qxf6 8. a3 Bxc3+ 9. Qxc3 c6 10. e3 O-O 11. Nf3 Qe7 12. Be2 Bg4 13. O-O Nd7 14. b4 a6 15. Rfc1 Nf6 16. Qc5 Rfe8 17. Qxe7 Rxe7 18. Ra2 Ne4 19. Ne5 Bxe2 20. Rxe2 Nd6 21. a4 Kh7 22. a5 f6 23. Nd3 Rae8 24. Nc5 g5 25. Rec2 Kg6 26. Nxa6 bxa6 27. Rxc6 Nc4 28. Rxa6 Rb7 29. Rb1 Reb8 30. Kf1 Nd2+ 0-1


[Site "https://www.chess.com"]

[Event "Titled Tuesday Blitz February 28 Early 2023"]
[White "Mendez Fortes, Eduardo Jesus"]
[Black "Klepikov, Nikita"]
[WhiteFideId "3502376"]
[BlackFideId "24145220"]
[WhiteElo "2307"]
[BlackElo "2025"]
[Result "0-1"]
[Round "05"]
[TimeControl "180+2"]
[Date "2023.02.28"]
[WhiteClock "0:01:14"]
[BlackClock "0:00:43"]

1. e4 c5 2. Nc3 Nc6 3. f4 e6 4. Bb5 a6 5. Bxc6 bxc6 6. e5 d5 7. exd6 Bxd6 8. d3 Nf6 9. Nf3 Nd5 10. g3 Nxc3 11. bxc3 c4 12. d4 c5 13. O-O Bb7 14. Rb1 Bd5 15. Be3 cxd4 16. Bxd4 O-O 17. Qe2 Qa5 18. Ne5 Rab8 19. Nxc4 Qxa2 20. Rxb8 Bxc4 21. Rxf8+ Bxf8 22. Qe4 Bxf1 23. Kxf1 Qb1+ 24. Kg2 a5 25. Kh3 Qf1+ 26. Kh4 Be7+ 27. Kg4 f5+ 0-1


[Site "https://www.chess.com"]

[Event "Titled Tuesday Blitz February 28 Early 2023"]
[White "Derjabin, Ilja"]
[Black "Levitan, Caleb Levi"]
[WhiteFideId "14104768"]
[BlackFideId "14332620"]
[WhiteElo "2309"]
[BlackElo "1963"]
[Result "1-0"]
[Round "05"]
[TimeControl "180+2"]
[Date "2023.02.28"]
[WhiteClock "0:00:35"]
[BlackClock "0:00:01"]

1. d4 Nf6 2. c4 e6 3. Nc3 Bb4 4. a3 Bxc3+ 5. bxc3 d5 6. e3 O-O 7. Bd3 dxc4 8. Bxc4 b6 9. Ne2 Bb7 10. f3 Nbd7 11. e4 e5 12. O-O c5 13. Bg5 h6 14. Bh4 Qe7 15. Qd2 Rac8 16. Ng3 cxd4 17. Qa2 Qc5 18. Bb3 dxc3+ 19. Kh1 g5 20. Nf5 gxh4 21. Nxh6+ Kh7 22. Nf5 c2 23. Rac1 Ba6 24. Rxc2 Qb5 25. Rcf2 Rg8 26. Qd2 Rg6 27. Bxf7 Rcg8 28. Bxg8+ Nxg8 29. Nxh4 Rh6 30. Nf5 Rg6 31. Rd1 Ndf6 32. Nh4 Rg7 33. Nf5 Rg6 34. Nd6 Qd7 35. Qa2 Qe7 36. Rfd2 Nh6 37. g4 Nhxg4 38. Nf5 1-0


[Site "https://www.chess.com"]

[Event "Titled Tuesday Blitz February 28 Early 2023"]
[White "Martin Carmona, Gaston Manuel"]
[Black "Prieto Aranguren, Alain"]
[WhiteFideId "22284567"]
[BlackFideId "2268906"]
[WhiteElo "2245"]
[BlackElo "2209"]
[Result "0-1"]
[Round "05"]
[TimeControl "180+2"]
[Date "2023.02.28"]
[WhiteClock "0:00:41"]
[BlackClock "0:00:28"]

1. Nf3 g6 2. c4 Bg7 3. Nc3 d6 4. d4 Nd7 5. g3 e5 6. Bg2 Ne7 7. O-O O-O 8. b3 exd4 9. Nxd4 c5 10. Ndb5 a6 11. Nxd6 Bxc3 12. Bh6 Bg7 13. Bxg7 Kxg7 14. Nxb7 Bxb7 15. Bxb7 Ra7 16. Bg2 Nf6 17. Qc1 Nf5 18. Rd1 Rd7 19. Rxd7 Qxd7 20. Qa3 Qd6 21. e3 Rd8 22. h3 Nxg3 23. fxg3 Qxg3 24. Qb2 Qxe3+ 25. Qf2 Qg5 26. Re1 Rd2 27. Re2 Rd1+ 28. Re1 Rd2 29. Re2 Rxe2 30. Qxe2 h5 31. Qb2 h4 32. b4 Qe3+ 33. Kh1 Qe1+ 34. Kh2 Qg3+ 35. Kg1 Qe1+ 36. Kh2 Qxb4 37. Qxb4 cxb4 38. c5 Ne8 39. Bb7 a5 40. Kg2 Kf6 41. Kf3 Ke5 42. Kg4 a4 43. Bc6 b3 44. axb3 a3 45. Bxe8 a2 46. c6 a1=Q 47. c7 Qc1 0-1


[Site "https://www.chess.com"]

[Event "Titled Tuesday Blitz February 28 Early 2023"]
[White "Vlassov, Nikolai"]
[Black "Mirzanurov, Bulat"]
[WhiteFideId "4103360"]
[BlackFideId "4184521"]
[WhiteElo "2324"]
[BlackElo "2019"]
[Result "1-0"]
[Round "05"]
[TimeControl "180+2"]
[Date "2023.02.28"]
[WhiteClock "0:00:06"]
[BlackClock "0:00:21"]

1. e4 c5 2. c3 Nf6 3. e5 Nd5 4. d4 cxd4 5. cxd4 e6 6. Nc3 Nxc3 7. bxc3 b6 8. f4 Qc7 9. Bd2 Bb7 10. Nf3 d6 11. Bd3 Nd7 12. O-O dxe5 13. fxe5 Be7 14. Qe2 O-O 15. Rf2 h6 16. Raf1 f6 17. exf6 Rxf6 18. Nh4 Nf8 19. Rxf6 Bxf6 20. Ng6 Qd6 21. Bf4 Qd7 22. Bxh6 Nxg6 23. Bxg6 Bxd4+ 24. cxd4 gxh6 25. Bf7+ Kh7 26. Qd3+ Kh8 27. Rf6 Rc8 28. Rxh6+ Kg7 29. Qh7+ Kf8 30. Qh8+ Ke7 31. Qf6+ Kd6 32. Qe5+ Ke7 33. Rxe6+ Kxf7 34. Qf5+ Kg8 35. Rg6+ Qg7 36. Rxg7+ Kxg7 37. Qd7+ Kf6 38. Qxb7 Rc1+ 39. Kf2 Rc2+ 40. Ke3 Rxa2 41. Qc6+ Kg7 42. Qd7+ Kh8 43. Qe8+ Kg7 44. Qe7+ Kh8 45. Qf8+ Kh7 46. Qf7+ Kh6 47. Qxa2 Kh5 48. Kf4 a5 49. Qg8 Kh6 50. Kf5 a4 51. Qh8# 1-0


[Site "https://www.chess.com"]

[Event "Titled Tuesday Blitz February 28 Early 2023"]
[White "Yayloyan, Konstantin"]
[Black "Crevatin, Leo"]
[WhiteFideId "13307088"]
[BlackFideId "1726307"]
[WhiteElo "2190"]
[BlackElo "2190"]
[Result "1/2-1/2"]
[Round "05"]
[TimeControl "180+2"]
[Date "2023.02.28"]
[WhiteClock "0:00:11"]
[BlackClock "0:00:06"]

1. e4 c5 2. Nf3 d6 3. d4 cxd4 4. Nxd4 Nf6 5. Nc3 Nc6 6. Bc4 Qb6 7. Nb3 e6 8. Bf4 Ne5 9. Be2 Be7 10. Be3 Qc7 11. f4 Nc4 12. Bxc4 Qxc4 13. Qd3 Qxd3 14. cxd3 Bd7 15. h3 O-O 16. g4 b6 17. g5 Ne8 18. Kd2 Nc7 19. Rac1 Rac8 20. h4 Nb5 21. Nxb5 Bxb5 22. Nd4 Bd7 23. f5 e5 24. Ne2 Rxc1 25. Rxc1 Rc8 26. d4 Rxc1 27. Kxc1 Bc6 28. d5 Bd7 29. Nc3 Kf8 30. Kd2 Ke8 31. Kd3 Kd8 32. Kc4 Kc7 33. Nb5+ Kb7 34. a4 a6 35. Nc3 f6 36. b4 fxg5 37. Bxg5 Bf6 38. b5 a5 39. Nd1 Be8 40. Ne3 Bh5 41. Kd3 h6 42. Bxf6 gxf6 43. Nc4 Kc7 44. Ke3 Bd1 45. Nb2 Bb3 46. Kd3 Kd7 47. Kc3 Ba2 48. Kc2 Kc7 49. Kc3 Bb1 50. Nd3 h5 51. Kd2 Kd7 52. Kc3 Ke7 53. Kd2 Kd8 54. Kc3 Kc7 55. Kd2 Ba2 56. Kc3 Kb7 57. Nb2 Kc7 58. Kc2 Kd7 59. Kc3 Bb1 60. Nd3 Kc7 1/2-1/2


[Site "https://www.chess.com"]

[Event "Titled Tuesday Blitz February 28 Early 2023"]
[White "Janaszak, Dawid"]
[Black "Carrasco Miranda, Andres"]
[WhiteFideId "1119206"]
[BlackFideId "3405990"]
[WhiteElo "2220"]
[BlackElo "2183"]
[Result "1/2-1/2"]
[Round "05"]
[TimeControl "180+2"]
[Date "2023.02.28"]
[WhiteClock "0:00:45"]
[BlackClock "0:00:41"]

1. e4 c5 2. Nc3 d6 3. f4 g6 4. Nf3 Bg7 5. Bc4 Nc6 6. O-O e6 7. Qe1 Nge7 8. a3 O-O 9. f5 gxf5 10. d3 fxe4 11. dxe4 Ng6 12. Bg5 f6 13. Be3 Kh8 14. h4 f5 15. h5 Nge5 16. Be2 Nxf3+ 17. Bxf3 f4 18. Bf2 Bd4 19. Rd1 Qg5 20. Nb5 Bxf2+ 21. Qxf2 Nd4 22. Nxd4 cxd4 23. Qxd4+ e5 24. Qxd6 Bh3 25. Rd5 Rae8 26. Rf2 Bg4 27. Bxg4 Qxg4 28. Rxe5 Rd8 29. Qe7 Rd1+ 30. Rf1 Rxf1+ 31. Kxf1 Qd1+ 32. Kf2 Qd2+ 33. Kg1 Qe1+ 34. Kh2 Qg3+ 35. Kg1 Qe1+ 36. Kh2 Qg3+ 37. Kg1 Qe1+ 1/2-1/2


[Site "https://www.chess.com"]

[Event "Titled Tuesday Blitz February 28 Early 2023"]
[White "Rian, Kapriaga"]
[Black "Filgueira, Hernan"]
[WhiteFideId "7103263"]
[BlackFideId "101770"]
[WhiteElo "2372"]
[BlackElo "2363"]
[Result "1-0"]
[Round "05"]
[TimeControl "180+2"]
[Date "2023.02.28"]
[WhiteClock "0:00:17"]
[BlackClock "0:00:17"]

1. d4 d6 2. Nf3 Bg4 3. Nbd2 Nd7 4. e4 e5 5. c3 Ngf6 6. h3 Bh5 7. Qb3 Rb8 8. Bd3 Be7 9. O-O O-O 10. Re1 c5 11. dxe5 dxe5 12. a4 Qc7 13. a5 Rfd8 14. Bc4 b5 15. axb6 Nxb6 16. Bf1 a5 17. Qc2 a4 18. Nh4 Nfd7 19. Nf5 Bf8 20. Bb5 Ra8 21. Nf1 c4 22. Be3 Nc5 23. Nd2 Nd3 24. Reb1 Bc5 25. Bxc4 Nxc4 26. Nxc4 Bf8 27. Rxa4 Rxa4 28. Qxa4 Rc8 29. Nb6 Rb8 30. Nd5 Qb7 31. Qc2 Nf4 32. Nxf4 exf4 33. Bd4 Bg6 34. b4 Re8 35. f3 Bxf5 36. exf5 Qd5 37. b5 Bc5 38. Bxc5 Qxc5+ 39. Kh2 h6 40. b6 Rb8 41. b7 Qe5 42. c4 Qc7 43. Qe4 Rxb7 44. Qxb7 Qe5 45. Qe4 Kh7 46. Qxe5 1-0


[Site "https://www.chess.com"]

[Event "Titled Tuesday Blitz February 28 Early 2023"]
[White "Boraso, Alessio"]
[Black "Kalajzic, Ivan"]
[WhiteFideId "848077"]
[BlackFideId "14506378"]
[WhiteElo "2286"]
[BlackElo "2203"]
[Result "1-0"]
[Round "05"]
[TimeControl "180+2"]
[Date "2023.02.28"]
[WhiteClock "0:00:29"]
[BlackClock "0:00:01"]

1. d4 Nc6 2. Bg5 h6 3. Bh4 g5 4. Bg3 Bg7 5. e3 d6 6. Nd2 Bf5 7. Bd3 Qd7 8. h4 Nf6 9. e4 Bg6 10. c3 e5 11. d5 Ne7 12. h5 Bh7 13. f3 O-O 14. Bf2 c6 15. c4 a6 16. Qe2 cxd5 17. cxd5 Ne8 18. g4 Nc7 19. Kf1 Nb5 20. Bxb5 axb5 21. Kg2 f5 22. gxf5 Bxf5 23. exf5 Nxd5 24. Bg3 Qxf5 25. Nh3 Nf4+ 26. Bxf4 exf4 27. Qe4 Rae8 28. Qxf5 Rxf5 29. Rhe1 Rfe5 30. Kf1 Re3 31. Rxe3 Rxe3 32. Rb1 d5 33. Nf2 Bd4 34. Ng4 Kg7 35. Nxe3 fxe3 36. Nb3 Bb6 37. Ke2 Kf6 38. Rd1 Ke5 39. Rd3 d4 40. Nc1 Kd5 41. b4 Kc4 42. a3 Ba7 43. Rb3 Kd5 44. Rb2 Kc4 45. Nd3 Kc3 46. Rb1 Kc2 47. Rc1+ Kb3 48. Rc7 1-0


[Site "https://www.chess.com"]